 Dungeon Crawl Stone Soup version 0.27-a0-346-ga689d4a613 (webtiles) character file.

Game seed: 12301321872512130504

294 skwiii the Ogre Mage (level 6, 0/79 HPs)
             Began as an Ogre Venom Mage on Feb 16, 2021.
             Was an Initiate of Vehumet.
             Slain by Grinder (5 damage)
             ... on level 4 of the Dungeon.
             The game lasted 00:18:16 (5711 turns).

skwiii the Ogre Mage (Ogre Venom Mage)              Turns: 5711, Time: 00:18:17

Health: 0/79       AC: 23    Str: 15    XL:     6   Next: 34%
Magic:  6/12       EV:  1    Int: 18    God:    Vehumet [......]
Gold:   155        SH:  0    Dex:  9    Spells: 0/13 levels left

rFire    . . .     SeeInvis .   j - staff of poison
rCold    . . .     Faith    .   (no shield)
rNeg     + + +     Spirit   .   (armour currently unavailable)
rPois    +         Reflect  .   (helmet currently unavailable)
rElec    .         Harm     .   (cloak currently unavailable)
rCorr    .         Rampage  .   (gloves unavailable)
Will     .....     NoTele   +   (boots unavailable)
Stlth    +.........             (no amulet)
HPRegen  0.23/turn              (no ring)
MPRegen  0.13/turn              (no ring)

@: tree-form
A: large, unfitting armour, strong 1, evolution 1
a: Renounce Religion


You were on level 4 of the Dungeon.
You worshipped Vehumet.
Vehumet was noncommittal.
You were a tree.
You visited 1 branch of the dungeon, and saw 4 of its levels.

You collected 155 gold pieces.

Inventory:

Armour
 a - a +0 robe (melded)
 f - a +0 buckler
 i - a scarf of invisibility (melded)
 m - a +0 robe
Magical Staves
 j - a staff of poison (weapon)
Jewellery
 p - a ring of wizardry {unknown}
Scrolls
 b - a scroll of immolation {unknown}
 e - 3 scrolls of identify
 g - 2 scrolls of random uselessness
 k - a scroll of amnesia {unknown}
 l - 3 scrolls of teleportation {unknown}
 o - a scroll of fog {unknown}
 s - a scroll of enchant armour {unknown}
Potions
 c - a potion of invisibility {unknown}
 h - a potion of degeneration {unknown}
 n - 3 potions of curing
 q - a potion of mutation
 r - a potion of heal wounds {unknown}


   Skills:
 + Level 0.0 Fighting
 + Level 0.0 Staves
 + Level 2.7 Dodging
 - Level 1.4 Stealth
 * Level 4.3 Spellcasting
 - Level 2.0 Transmutations
 * Level 0.1 Fire Magic
 + Level 1.7 Air Magic
 * Level 4.0 Poison Magic


You couldn't memorise any spells.
You knew the following spells:

 Your Spells              Type           Power        Failure   Level
a - Sting                 Tmut/Pois      88%          4%          1
b - Poisonous Vapours     Pois/Air       42%          7%          2
c - Ignite Poison         Fire/Tmut/Pois 17%          19%         3
d - Mephitic Cloud        Conj/Pois/Air  16%          19%         3
e - Olgreb's Toxic Radia  Pois           27%          26%         4

Your spell library contained the following spells:

 Spells                   Type           Power        Failure   Level


Dungeon Overview and Level Annotations

Branches:
Dungeon (4/15)
 Temple: D:4-7

Altars:
Trog
Vehumet

Annotations:
D:4 Grinder


Innate Abilities, Weirdness & Mutations

You are too large for most types of armour.
((You have tough skin. (AC +1)))
((Your skin changes colour to match your surroundings (Stealth+).))
((Armour fits poorly on your strangely shaped body.))
Your muscles are strong. (Str +2)
You evolve.


Message History

You hit Grinder.
Grinder is almost dead.
Grinder hits you but does no damage.
Your magical contamination has completely faded away.
You closely miss Grinder.
Grinder is almost dead.
Grinder blinks!
You cannot move.
You cannot move.
You cannot move.
You cannot move.
You cannot move.
You cannot move.
You cannot move.
You cannot move.
You cannot move.
You cannot move.
You cannot move.
You cannot move.
Grinder is nearby!
Unknown command.
Unknown command.
Unknown command.
Grinder says, "Don't move a muscle."
Grinder gestures at you. You resist with some effort.
Grinder blinks!
Grinder gestures at you.
You suddenly lose the ability to move!
Grinder gestures at you.
You shrug off the repeated paralysis!
Grinder hits you but does no damage.
Grinder says, "I used to sell toenails on the black market."
Grinder gestures at you. You resist with some effort.
You can move again.
You hit Grinder.
Grinder is severely wounded.
Grinder hits you.
You die...

##########
#........####
######........'...
#.............####
#.............'...
#.............####
#..........####
#.5........#
#♣.......(.#
#........#.# #####
#.##.......# #....
#.##.####### #....
#.##.#.....# #....
#.##.#.###.# #....
########.##.#.#
#.# #....
#........##.#.#
#.# #....
#.##<.........#
#.# #....


You could see Grinder.

Vanquished Creatures
  A howler monkey (D:4)
  2 orc priests
  An orc wizard (D:2)
  Natasha (D:2)
  A hound skeleton (D:4)
  Robin (D:2)
  3 adders
  An ooze (D:1)
  A worm (D:3)
  3 dart slugs
  3 leopard geckos (D:2)
  6 orcs
  A ball python (D:2)
  7 bats
  3 giant cockroaches
  10 goblins
  11 hobgoblins
  2 jackals (D:4)
  5 kobolds
  3 quokkas
  6 frilled lizards
  4 rats
76 creatures vanquished.

Vanquished Creatures (others)
  7 toadstools (D:1)
7 creatures vanquished.

Grand Total: 83 creatures vanquished

Notes
Turn   | Place    | Note
-------+----------+-------------------------------------------
     0 | D:1      | skwiii the Ogre Venom Mage began the quest for the Orb.
     0 | D:1      | Reached XP level 1. HP: 16/16 MP: 3/3
   164 | D:1      | Reached skill level 1 in Transmutations
   218 | D:1      | Reached XP level 2. HP: 24/24 MP: 2/5
   363 | D:1      | Learned a level 2 spell: Poisonous Vapours
  1236 | D:1      | Reached XP level 3. HP: 31/31 MP: 4/7
  1824 | D:2      | Found a bloodstained altar of Trog.
  2072 | D:2      | Reached XP level 4. HP: 25/39 MP: 1/9
  2335 | D:2      | Reached skill level 1 in Air Magic
  2819 | D:2      | Reached XP level 5. HP: 45/45 MP: 0/10
  2926 | D:2      | Noticed Natasha
  2931 | D:2      | Killed Natasha
  2978 | D:2      | Noticed Robin
  2980 | D:2      | Killed Robin
  3549 | D:3      | Found a radiant altar of Vehumet.
  4812 | D:4      | Reached XP level 6. HP: 53/53 MP: 5/12
  4936 | D:3      | Became a worshipper of Vehumet
  4942 | D:3      | Learned a level 3 spell: Ignite Poison
  4946 | D:3      | Learned a level 3 spell: Mephitic Cloud
  4951 | D:3      | Learned a level 4 spell: Olgreb's Toxic Radiance
  5460 | D:4      | Noticed Grinder
  5480 | D:4      | Paralysed by Grinder for 3 turns
  5683 | D:4      | Paralysed by Grinder for 5 turns
  5695 | D:4      | Paralysed by Grinder for 4 turns
  5697 | D:4      | HP: 1/53 [Grinder (2)]
  5699 | D:4      | Gained mutation: Armour fits poorly on your strangely
                  | shaped body. [potion of mutation]
  5699 | D:4      | Gained mutation: You evolve. [potion of mutation]
  5699 | D:4      | Gained mutation: Your skin changes colour to match your
                  | surroundings (Stealth+). [potion of mutation]
  5699 | D:4      | Gained mutation: Your muscles are strong. (Str +2) [potion
                  | of mutation]
  5706 | D:4      | Paralysed by Grinder for 5 turns
  5711 | D:4      | Slain by Grinder

Illustrated notes

Levels and vault maps discovered:
D:1:      nagdon_arrival_zigzag_paths, layout_basic, dk_noncrumbling_2
D:2:      layout_loops_ring, columned_hall_lemuel, trog_butcher_becter,
          uniq_robin, uniq_natasha
D:3:      layout_basic, lemuel_statue_altar
D:4:      layout_basic, kennysheep_generic_room_9, uniq_grinder

Skill      XL: |  1  2  3  4  5  6 |
---------------+-------------------+-----
Transmutations | 1 2 |  2.0
Dodging        | 2 |  2.7
Poison Magic   | 3 4 |  4.0
Spellcasting   | 3 4 |  4.3
Air Magic      | 1 |  1.7
Stealth        | |  1.4
Fire Magic     | |  0.1

Action                   |  1- 3 |  4- 6 || total
-------------------------+-------+-------++-------
Melee: Unarmed           |     3 |    12 ||    15
       Staff             |       |    23 ||    23
 Cast: Sting             |    22 |    48 ||    70
       Poisonous Vapours |    22 |    45 ||    67
       Ignite Poison     |       |     2 ||     2
  Use: Scroll            |     1 |     3 ||     4
       Potion            |       |     4 ||     4
Armor: Robe              |    20 |    14 ||    34
       Skin              |       |     3 ||     3
Dodge: Dodged            |    25 |    34 ||    59

Table legend: (Time is in decaauts)
 A = Elapsed time spent in this place.
 B = Non-inter-level travel time spent in this place.
 C = Inter-level travel time spent in this place.
 D = Time resting spent in this place.
 E = Time spent auto-exploring this place.
 F = Levels seen in this place.
 G = Mean time per level.
                   A        B        C        D        E       F      G
               +--------+--------+--------+--------+--------+-----+--------+
         Total |   5715 |   5661 |     54 |   1907 |   2046 |   4 | 1428.8 |
       Dungeon |   5715 |   5661 |     54 |   1907 |   2046 |   4 | 1428.8 |
               +--------+--------+--------+--------+--------+-----+--------+

Top non-repeatable levels by time:
     D:2: 1911 daAuts
     D:3: 1372 daAuts
     D:1: 1350 daAuts
     D:4: 1081 daAuts
